 Dungeon Crawl Stone Soup version 0.27.1-3-gb3d3a73c9e (webtiles) character file.

Game seed: 11283852348545798776

4138 MisterFreud the Basher (level 10, -9/88 HPs)
             Began as a Minotaur Abyssal Knight on Oct 25, 2021.
             Was an Elder of Lugonu.
             Mangled by a two-headed ogre (10 damage)
             ... on level 9 of the Dungeon.
             The game lasted 00:11:06 (9179 turns).

MisterFreud the Basher (Minotaur Abyssal Knight)    Turns: 9179, Time: 00:11:08

Health: -9/88      AC: 16    Str: 19    XL:     10   Next: 7%
Magic:  13/13      EV:  6    Int:  9    God:    Lugonu [****..]
Gold:   445        SH: 10    Dex: 11    Spells: 9/9 levels left

rFire    . . .     SeeInvis .   t - +2 whip (vamp)
rCold    . . .     Faith    .   q - +0 kite shield
rNeg     . . .     Spirit   .   u - +0 chain mail
rPois    .         Reflect  .   (helmet restricted)
rElec    .         Harm     .   H - +0 cloak
rCorr    .         Rampage  .   (no gloves)
Will     .....                  (no boots)
Stlth    ..........             C - amulet of the acrobat
HPRegen  0.24/turn              f - +4 ring of protection
MPRegen  0.13/turn              (no ring)

@: no status effects
A: horns 2, retaliatory headbutt
a: Renounce Religion, Depart the Abyss, Bend Space, Banish, Corrupt


You were on level 9 of the Dungeon.
You worshipped Lugonu.
Lugonu was greatly pleased with you.
You visited 1 branch of the dungeon, and saw 9 of its levels.
You visited the Abyss 1 time.
You also visited: Sewer.

You collected 445 gold pieces.

Inventory:

Hand Weapons
 a - a +1 falchion
 t - a +2 vampiric whip (weapon)
 z - a +0 long sword
Missiles
 i - a throwing net
 j - 48 poisoned darts (quivered)
 n - 14 javelins
 x - 8 curare-tipped darts
Armour
 q - a +0 kite shield (worn)
 u - a +0 chain mail (worn)
 H - a +0 cloak (worn)
Jewellery
 f - a +4 ring of protection (left hand)
 C - an amulet of the acrobat (around neck)
Wands
 s - a wand of charming (5)
 v - a wand of flame (12)
Scrolls
 c - a scroll of enchant armour
 h - 3 scrolls of immolation
 l - 5 scrolls of teleportation
 m - 2 scrolls of fog
 y - 2 scrolls of blinking {unknown}
 A - a scroll of enchant weapon {unknown}
 B - a scroll of holy word {unknown}
 E - a scroll of fear {unknown}
 F - a scroll of summoning {unknown}
 G - a scroll of vulnerability {unknown}
Potions
 b - 4 potions of flight
 d - a potion of curing
 e - 2 potions of haste
 g - 3 potions of invisibility
 k - 4 potions of might
 o - a potion of ambrosia
 p - 3 potions of degeneration
 r - 2 potions of lignification
 w - 2 potions of heal wounds
 D - a potion of resistance {unknown}


   Skills:
 - Level 8.0 Fighting
 - Level 4.0 Long Blades
 - Level 10.0 Maces & Flails
 + Level 8.4 Armour
 - Level 1.1 Dodging
 + Level 5.5 Shields
 + Level 5.8 Invocations


You had 9 spell levels left.
You didn't know any spells.
Your spell library contained the following spells:

 Spells                   Type           Power      Damage    Failure   Level
 Animate Skeleton         Necr           0%         N/A       100%        1
 Pain                     Necr           0%         1d4       100%        1
 Frozen Ramparts          Ice            0%         1d2       100%        3
 Stone Arrow              Conj/Erth      0%         3d7       100%        3
 Vampiric Draining        Necr           0%         2d6       100%        3
 Ice Form                 Ice/Tmut       0%         N/A       100%        4
 Leda's Liquefaction      Hex/Erth       0%         N/A       100%        4
 Summon Ice Beast         Ice/Summ       0%         N/A       100%        4
 Bolt of Magma            Conj/Fire/Erth 0%         4d4       100%        5
 Statue Form              Tmut/Erth      0%         N/A       100%        6
 Shatter                  Erth           0%         3d5*      100%        9


Dungeon Overview and Level Annotations

Branches:
Dungeon (9/15)             Temple (0/1) D:5           Sewer (visited)
   Lair: D:8-11         Orc: D:9-12

Altars:
Elyvilon
Fedhas
Hepliaklqana
Nemelex Xobeh
Ru
Sif Muna
Vehumet
Wu Jian
Xom
Zin
The Shining One

Portals:
Abyss: D:5

Annotations:
D:5 2 transporters, diceflayer's ghost, amateur MiFi
D:7 1 runed translucent door, diceflayer's ghost, novice MiFi


Innate Abilities, Weirdness & Mutations

You have a pair of horns on your head.
You reflexively headbutt those who attack you in melee.


Message History

The two-headed ogre shouts in stereo!
A two-headed ogre is nearby!
You block the two-headed ogre's attack. x2
A two-headed ogre is nearby!
You barely miss the two-headed ogre. You hit the two-headed ogre.
The two-headed ogre is lightly wounded.
The two-headed ogre hits you with a +0 giant spiked club!
The two-headed ogre hits you but does no damage.
You hit the two-headed ogre.
The two-headed ogre is lightly wounded.
The two-headed ogre hits you with a +0 giant spiked club!!
The two-headed ogre hits you with a +0 giant club!
You are too injured to fight recklessly!
You are too injured to fight recklessly!
You hit the two-headed ogre but do no damage.
The two-headed ogre is lightly wounded.
You hit the two-headed ogre.
You feel better.
The two-headed ogre is lightly wounded.
The two-headed ogre hits you with a +0 giant spiked club!
The two-headed ogre hits you with a +0 giant club.
You whack the two-headed ogre! You headbutt the two-headed ogre.
The two-headed ogre is moderately wounded.
The two-headed ogre hits you with a +0 giant spiked club.
* * * LOW HITPOINT WARNING * * *
The two-headed ogre hits you with a +0 giant club!
* * * LOW HITPOINT WARNING * * *
You barely miss the two-headed ogre.
The two-headed ogre is moderately wounded.
You hit the two-headed ogre.
You feel better.
The two-headed ogre is moderately wounded.
The two-headed ogre hits you with a +0 giant spiked club!
* * * LOW HITPOINT WARNING * * *
You block the two-headed ogre's attack.
Aiming: Charm
Press: ? - help, Shift-Dir - straight line, f - two-headed ogre
Aim: a two-headed ogre, wielding a +0 giant spiked club and a +0 giant club (moderately wounded, chance to affect: 28%)
The two-headed ogre easily resists.
The two-headed ogre hits you with a +0 giant spiked club!
You die...

.## #. ...
. . # ..
.#.#
#.#+#......
#.#.#.#..#
.......
#.#O# #.@.#
#.#####
#.....#
#.###.#
#...#
###'#+##
#......#
#......#
#......#


You could see a two-headed ogre.

Vanquished Creatures
  Joseph (D:7)
  Prince Ribbit (D:7)
  A wraith (D:6)
  2 vampire mosquitoes (D:5)
  Menkaure (D:6)
  An acid dragon (D:8)
  A water moccasin (D:7)
  An orc warrior (D:7)
  Purgy (Sewer)
  An ice beast (D:5)
  5 sky beasts
  A necrophage (D:4)
  4 ogres
  3 centaurs
  A kobold brigand (D:7)
  A phantom (D:6)
  2 bullfrogs
  2 scorpions
  A wyvern zombie (D:7)
  A wyvern skeleton (D:7)
  A wight (D:7)
  3 howler monkeys
  2 centaur zombies
  An orc priest (D:7)
  A bullfrog skeleton (D:5)
  5 hounds
  A jelly (D:5)
  2 gnoll shamans
  2 iguanas
  3 orc wizards
  2 hound skeletons (D:5)
  2 howler monkey zombies
  Robin (D:3)
  15 gnolls
  5 adders
  2 white imps
  An ufetubus (D:6)
  An adder skeleton (D:5)
  6 worms
  2 dart slugs (D:1)
  15 orcs
  11 endoplasms
  4 giant cockroaches
  10 goblins
  13 hobgoblins
  2 jackals (Sewer)
  2 quokkas (D:1)
  8 ball pythons
  7 bats
  3 frilled lizards
  16 kobolds
  3 rats
184 creatures vanquished.

Vanquished Creatures (others)
  2 withered plants (D:7)
2 creatures vanquished.

Grand Total: 186 creatures vanquished

Notes
Turn   | Place    | Note
-------+----------+-------------------------------------------
     0 | Abyss:1  | MisterFreud the Minotaur Abyssal Knight began the quest for
                  | the Orb.
     0 | Abyss:1  | Reached XP level 1. HP: 19/19 MP: 1/1
    10 | D:1      | Escaped the Abyss
    75 | D:1      | Reached XP level 2. HP: 26/27 MP: 2/2
   303 | D:1      | Reached ** piety under Lugonu
   327 | D:1      | Found a faded altar of an unknown god.
   354 | D:1      | Reached XP level 3. HP: 32/34 MP: 3/3
   835 | D:2      | Noticed an ogre
   841 | D:2      | Killed an ogre
   842 | D:2      | Reached skill level 5 in Fighting
   842 | D:2      | Reached XP level 4. HP: 10/44 MP: 4/4
  1828 | D:2      | Reached XP level 5. HP: 50/50 MP: 5/5
  2036 | D:3      | Found a sacrificial altar of Ru.
  2127 | D:3      | Noticed Robin
  2141 | D:3      | Killed Robin
  2541 | D:3      | Found a blossoming altar of Fedhas.
  2660 | D:3      | Noticed a centaur
  2666 | D:3      | Killed a centaur
  2667 | D:3      | Reached XP level 6. HP: 45/60 MP: 6/6
  3135 | D:4      | Reached *** piety under Lugonu
  3309 | D:4      | Reached skill level 5 in Armour
  3309 | D:4      | Reached XP level 7. HP: 65/68 MP: 7/7
  3430 | D:4      | Found a glowing silver altar of Zin.
  3434 | D:4      | Reached skill level 1 in Maces & Flails
  3443 | D:4      | Noticed an angel
  3447 | D:4      | Found a shimmering altar of Xom.
  3450 | D:4      | Found a glowing golden altar of the Shining One.
  3660 | D:4      | Found an ornate altar of the Wu Jian Council.
  3672 | D:4      | You fall into a shaft and drop 2 floors!
  3672 | D:6      | Noticed a wraith
  3694 | D:6      | Killed a wraith
  3695 | D:6      | Reached skill level 3 in Maces & Flails
  3943 | D:6      | Reached skill level 4 in Maces & Flails
  4024 | D:6      | Reached skill level 5 in Maces & Flails
  4080 | D:6      | Found a white marble altar of Elyvilon.
  4206 | D:6      | Found a glowing drain.
  4216 | Sewer    | Entered a sewer
  4259 | Sewer    | Noticed Purgy
  4280 | Sewer    | Killed Purgy
  4281 | Sewer    | Reached skill level 6 in Maces & Flails
  4281 | Sewer    | Reached XP level 8. HP: 52/74 MP: 8/8
  4477 | D:5      | Entered Level 5 of the Dungeon
  4534 | D:5      | Found a staircase to the Ecumenical Temple.
  4547 | D:5      | Reached skill level 7 in Maces & Flails
  4669 | D:5      | Found a hazy altar of Hepliaklqana.
  4970 | D:5      | Found a transporter.
  4971 | D:5      | Found a one-way gate to the infinite horrors of the Abyss.
  4971 | D:5      | Noticed diceflayer's ghost (amateur MiFi)
  4986 | D:5      | Reached skill level 8 in Maces & Flails
  5132 | D:5      | Reached skill level 9 in Maces & Flails
  5627 | D:5      | Reached skill level 10 in Maces & Flails
  5685 | D:5      | Found a transporter.
  5774 | D:5      | Found a shimmering blue altar of Sif Muna.
  6029 | D:6      | Reached XP level 9. HP: 81/81 MP: 10/10
  6231 | D:6      | Reached **** piety under Lugonu
  6583 | D:6      | Found a radiant altar of Vehumet.
  6658 | D:7      | Noticed Menkaure
  7011 | D:7      | Reached skill level 1 in Shields
  7146 | D:7      | Found a flagged portal.
  7146 | D:7      | Noticed Joseph
  7177 | D:7      | Killed Joseph
  7457 | D:6      | Killed Menkaure
  7806 | D:7      | Found a runed translucent door.
  7806 | D:7      | Noticed diceflayer's ghost (novice MiFi)
  7825 | D:7      | Noticed Prince Ribbit
  7842 | D:7      | Killed Prince Ribbit
  7971 | D:7      | Reached skill level 5 in Invocations
  8195 | D:7      | Reached skill level 5 in Shields
  8212 | D:7      | HP: 1/81 [orc warrior (14)]
  8543 | D:8      | Reached XP level 10. HP: 84/88 MP: 13/13
  8916 | D:8      | Found a sparkling altar of Nemelex Xobeh.
  9168 | D:9      | Noticed a two-headed ogre
  9178 | D:9      | HP: 1/88 [two-headed ogre (9)]
  9179 | D:9      | Mangled by a two-headed ogre

Illustrated notes

Levels and vault maps discovered:
D:1:      minmay_arrival_cross, layout_basic, basic_ecumenical_altar,
          serial_curves, eino_curves_04, eino_curves_02, minmay_domino_2
D:2:      layout_basic, minmay_misc_feat_secret_circle
D:3:      layout_loops_corners, mainiacjoe_overflow_tiny_flanked,
          nicolae_ru_sacrificial_ziggurat, uniq_robin
D:4:      layout_cave_pools, grunt_temple_overflow_order_and_chaos_1,
          kennysheep_little_box, amcnicky_altar_gilded, serial_column_ruins,
          column_ruins_square_small, column_ruins_grid_3,
          column_ruins_open_small, column_ruins_grid_1,
          column_ruins_columns_straight, column_ruins_grid_4,
          column_ruins_corridor_straight, column_ruins_grid_4
D:5:      minmay_angry_zag, layout_basic, lemuel_doored_altar,
          mainiacjoe_overflow_brackets, minmay_temple_entry_ruins,
          gammafunk_ghost_abyssal_escape
D:6:      corexii_shack_village, layout_loops_ring, kennysheep_mini,
          mainiacjoe_overflow_alcove_4, cheibrodos_sewer_entry_drain
D:7:      nzn_winding_woodlands_three_and_one
          [nzn_winding_woodlands_5x15_jagged, nzn_winding_woodlands_5x15_eye,
          nzn_winding_woodlands_5x15_pockets,
          nzn_winding_woodlands_center_garden], layout_rooms,
          gammafunk_ghost_grave, enter_bailey_7, hangedman_decor_slide_cut,
          uniq_joseph, uniq_prince_ribbit1, uniq_menkaure
D:8:      layout_gridville, mainiacjoe_overflow_concentric_impassable,
          kennysheep_just_a_vault, uniq_harold
D:9:      layout_basic, uniq_pikel

Skill      XL: |  1  2  3  4  5  6  7  8  9 |
---------------+----------------------------+-----
Fighting       | 4 5 6 7 8 |  8.0
Long Blades    | 3 4 |  4.0
Armour         | 5 8 |  8.4
Maces & Flails | 6 10 | 10.0
Invocations    | 2 5 |  5.8
Shields        | 5 |  5.5
Dodging        | |  1.1

Action                   |  1- 3 |  4- 6 |  7- 9 | 10-12 || total
-------------------------+-------+-------+-------+-------++-------
Melee: Falchion          |    60 |   101 |       |       ||   161
       Headbutt          |     8 |    18 |    78 |    11 ||   115
       Whip              |       |     4 |   478 |    60 ||   542
Throw: Dart              |       |       |     1 |       ||     1
Evoke: Wand              |       |       |       |     1 ||     1
  Use: Potion            |       |       |     3 |       ||     3
       Scroll            |       |       |     9 |     2 ||    11
Armor: Leather armour    |    22 |    24 |       |       ||    46
       Scale mail        |       |    21 |    99 |       ||   120
       Chain mail        |       |       |    94 |    26 ||   120
Dodge: Dodged            |    31 |    52 |   199 |    14 ||   296
Block: Kite shield       |       |       |       |    19 ||    19
       Rpst.: Falchion   |     9 |    10 |       |       ||    19
